 Dungeon Crawl Stone Soup version 0.22.0-78-g6c94d2c (webtiles) character file.

52 emiel the Insei (level 3, 0/26 HPs)
             Began as a Barachi Transmuter on Sept 16, 2018.
             Succumbed to an adder's poison
             ... on level 2 of the Dungeon.
             The game lasted 00:03:21 (1187 turns).

emiel the Insei (Barachi Transmuter)                Turns: 1187, Time: 00:03:22

Health: 0/26       AC:  2    Str:  9    XL:     3   Next: 85%
Magic:  4/6        EV: 12    Int: 13    God:
Gold:   47         SH:  0    Dex: 12    Spells: 3/6 levels left

rFire    . . .     SeeInvis .     - Unarmed
rCold    . . .     Gourm    .   (no shield)
rNeg     . . .     Faith    .   b - +0 robe
rPois    .         Spirit   .   (no helmet)
rElec    .         Reflect  .   (no cloak)
rCorr    .         Harm     .   (no gloves)
MR       .....                  (boots currently unavailable)
Stlth    +.........             (no amulet)
HPRegen  0.08/turn              h - -3 ring of strength (curse)
MPRegen  0.10/turn              (no ring)

@: lethally poisoned (0 -> -1), appendage (expiring), can't hop, very slightly
contaminated, invisible, slow
A: +LOS, swims, talons 3, slowness 1, strong legs 1
a: Hop, End Transformation


You were on level 2 of the Dungeon.
You were very hungry.
You had grown temporary talons.
You visited 1 branch of the dungeon, and saw 2 of its levels.

You collected 47 gold pieces.

Inventory:

Missiles
 a - 23 arrows
Armour
 b - a +0 robe (worn)
Jewellery
 h - a cursed -3 ring of strength (left hand)
Scrolls
 e - a scroll of fear {unknown}
 f - a scroll of enchant armour {unknown}
Comestibles
 d - 5 rations


   Skills:
 - Level 1.2 Fighting
 - Level 2.1 Dodging
 * Level 5.1 Unarmed Combat
 - Level 2.1 Spellcasting
 - Level 2.1 Transmutations


You had 3 spell levels left.
You knew the following spells:

 Your Spells              Type           Power        Failure   Level  Hunger
a - Beastly Appendage     Tmut           #.....       11%         1    ##.....
b - Sticks to Snakes      Tmut           #.......     16%         2    ###....

Your spell library contained the following spells:

 Spells                   Type           Power        Failure   Level  Hunger
 Spider Form              Tmut/Pois      #.........   43%         3    ####...
 Ice Form                 Ice/Tmut       #.......     85%         4    #####..
 Blade Hands              Tmut           #.........   96%         5    ######.


Dungeon Overview and Level Annotations

Branches:
Dungeon (2/15)

Altars:


Innate Abilities, Weirdness & Mutations

Shadows flee at your approach. (+LOS)
You can swim through water.
You cover ground slowly.
You can hop short distances.
You have claws for feet.


Message History

A giant cockroach comes into view.
Your talons disappear.
A bat comes into view.
* * * LOW HITPOINT WARNING * * *
You feel sick.
Found a club.
Casting: Beastly Appendage (safe; 11% risk of failure)
Confirm with . or Enter, or press ? or * to list all spells.
Your feet morph into talons.
The bat hits you but does no damage.
Unknown command.
You hit the bat.
You kill the bat!
A kobold comes into view. It is wielding a short sword.
You see here a bat corpse.
Your transformation is almost over.
You are feeling very hungry.
* * * LOW HITPOINT WARNING * * *
You feel sick.
Your legs are too worn out to hop.
You die...

#.hS# #)### #h#.##
.Ks.
#.#..########.###
#.#.............#
#.##.########†#....#
#%##.## #.# ###
#.##..# #.# ..###.#
#.# .## #.## #@# ###
#..# #.# #<# ##.##
#.# #.# #..# #.# #.#
##.## #.# #####.#
#..# #.# #...#.#
##(# #.# #.#.#.# #.#
#.# #.#.#.# #.# #.#
#.#.#.#


You could see a giant cockroach (sleeping) and a kobold (wandering).

Vanquished Creatures
  An adder (D:2)
  An ooze (D:2)
  2 leopard geckos (D:1)
  6 bats
  4 goblins
  2 hobgoblins (D:1)
  6 jackals
  5 kobolds
  2 frilled lizards
  2 rats (D:1)
31 creatures vanquished.

Vanquished Creatures (collateral kills)
  An adder (D:2)
1 creature vanquished.

Grand Total: 32 creatures vanquished

Notes
Turn   | Place    | Note
-------+----------+-------------------------------------------
     0 | D:1      | emiel the Barachi Transmuter began the quest for the Orb.
     0 | D:1      | Reached XP level 1. HP: 15/15 MP: 3/3
   423 | D:1      | Reached XP level 2. HP: 17/21 MP: 3/5
   449 | D:1      | Reached skill level 4 in Unarmed Combat
   748 | D:1      | Learned a level 2 spell: Sticks to Snakes
   869 | D:1      | Reached XP level 3. HP: 23/26 MP: 4/6
  1109 | D:2      | Reached skill level 5 in Unarmed Combat
  1180 | D:2      | HP: 1/26 [poisoned by an adder]
  1187 | D:2      | Succumbed to an adder's poison

Skill      XL: |  1  2  3 |
---------------+----------+-----
Unarmed Combat | 4 5 |  5.1
Fighting       | |  1.2
Dodging        | |  2.1
Spellcasting   | |  2.1
Transmutations | |  2.1

Action                   || total
-------------------------++-------
Melee: Unarmed           ||   130
       Kick              ||     3
       Headbutt          ||     1
 Cast: Beastly Appendage ||    13
       Sticks to Snakes  ||     2
 Abil: Hop               ||     1
  Use: Potion            ||     1
 Stab: Sleeping          ||     1
  Eat: Chunk             ||     1
Armor: Robe              ||    46
Dodge: Dodged            ||    97
